 Dungeon Crawl Stone Soup version 0.31-a0-881-ge136f0c47a (webtiles) character file.

Game seed: 8548484278136020412

441 pokeman the Magician (level 6, -3/34 HPs)
             Began as a Deep Elf Hedge Wizard on Oct 16, 2023.
             Slain by an ogre
             ... wielding a +0 giant club
              (13 damage)
             ... on level 4 of the Dungeon.
             The game lasted 00:07:07 (3417 turns).

pokeman the Magician (Deep Elf Hedge Wizard)        Turns: 3417, Time: 00:07:08

Health: -3/34      AC:  8    Str:  7    XL:     6   Next: 71%
Magic:  3/17       EV: 13    Int: 21    God:
Gold:   108        SH:  0    Dex: 14    Spells: 10/18 levels left

rFire   . . .        l - +1 dagger (venom)
rCold   . . .        (no shield)
rNeg    . . .        b - +0 robe
rPois   .            q - +2 helmet
rElec   .            (no cloak)
rCorr   +            o - +1 pair of gloves
SInv    .            n - +0 pair of boots
Will    +....        (no amulet)
Stlth   ++           j - ring of willpower
HPRegen 0.25/turn    p - ring of resist corrosion
MPRegen 0.15/turn

%: no passive effects
@: on blink cooldown
A: no striking features
a: no special abilities


You were on level 4 of the Dungeon.
You visited 1 branch of the dungeon, and saw 4 of its levels.

You collected 108 gold pieces.

Inventory:

Hand Weapons
 l - a +1 dagger of venom (weapon)
Armour
 b - a +0 robe (worn)
 m - a scarf of harm
 n - a +0 pair of boots (worn)
 o - a +1 pair of gloves (worn)
 q - a +2 helmet (worn)
Jewellery
 j - a ring of willpower (left hand)
 p - a ring of resist corrosion (right hand)
 r - a +6 ring of dexterity
Scrolls
 c - a scroll of enchant armour {unknown}
 e - 2 scrolls of teleportation {unknown}
 g - 5 scrolls of identify {unknown}
 h - a scroll of amnesia {unknown}
 i - a scroll of torment {unknown}
Potions
 a - 3 potions of curing {unknown}
 d - a potion of magic
 f - 2 potions of heal wounds {unknown}
 k - a potion of invisibility {unknown}


   Skills:
 + Level 1.0 Fighting
 - Level 1.0 Armour
 - Level 3.0 Dodging
 - Level 3.0 Stealth
 * Level 6.6 Spellcasting
 + Level 5.1 Conjurations
 - Level 1.1 Summonings
 - Level 1.1 Translocations
 - Level 1.0 Air Magic
 - Level 1.1 Poison Magic


You had 10 spell levels left.
You knew the following spells:

 Your Spells              Type           Power      Damage    Failure   Level
a - Magic Dart            Conj           100%       1d8       1%          1
b - Mephitic Cloud        Conj/Pois/Air  17%        N/A       11%         3
c - Call Imp              Summ           22%        N/A       9%          2
d - Blink                 Tloc           22%        N/A       9%          2

Your spell library contained the following spells:

 Spells                   Type           Power      Damage    Failure   Level
 Freeze                   Ice            24%        1d4       10%         1
 Slow                     Hex            24%        N/A       10%         1
 Hailstorm                Conj/Ice       17%        3d6       10%         3
 Cigotuvi's Dreadful Rot  Necr/Pois/Air  18%        N/A       11%         2
 Frozen Ramparts          Ice            12%        1d2       28%         3


Dungeon Overview and Level Annotations

Branches:
Dungeon (4/15)
 Temple: D:4-7

Altars:
Sif Muna

Shops:
D:3 :


Message History

The goblin shouts!
You hear a shout! x2
The ogre barely misses itself.
You see here a quokka corpse.
Casting: Magic Dart (safe; 1% risk of failure)
Confirm with . or Enter, or press ? or * to list all spells.
Aiming: Magic Dart (safe; 1% risk of failure)
Press: ? - help, Shift-Dir - straight line, f/p - ogre
Aim: an ogre, wielding a +0 giant club (moderately wounded, confused, very poisoned, 100% to hit)
The magic dart hits the ogre.
The ogre is heavily wounded.
Unknown command.
Casting: Magic Dart (safe; 1% risk of failure)
Confirm with . or Enter, or press ? or * to list all spells.
Aiming: Magic Dart (safe; 1% risk of failure)
Press: ? - help, Shift-Dir - straight line, f/p - ogre
Aim: an ogre, wielding a +0 giant club (heavily wounded, confused, very poisoned, 100% to hit)
The magic dart hits the ogre.
The ogre is severely wounded.
Unknown command.
Casting: Magic Dart (safe; 1% risk of failure)
Confirm with . or Enter, or press ? or * to list all spells.
Aiming: Magic Dart (safe; 1% risk of failure)
Press: ? - help, Shift-Dir - straight line, f/p - ogre
Aim: an ogre, wielding a +0 giant club (severely wounded, confused, poisoned, 100% to hit)
The magic dart hits the ogre but does no damage.
The ogre is severely wounded.
The ogre seems less confused.
The ogre closely misses you.
Casting: Magic Dart (safe; 1% risk of failure)
Confirm with . or Enter, or press ? or * to list all spells.
You blink.
Unknown command.
Casting: Blink (safe; 9% risk of failure)
Confirm with . or Enter, or press ? or * to list all spells.
Aiming: Magic Dart (safe; 1% risk of failure)
Press: ? - help, Shift-Dir - straight line, f/p - ogre
Aim: an ogre, wielding a +0 giant club (severely wounded, poisoned, 100% to hit)
The magic dart hits the ogre but does no damage.
The ogre is severely wounded.
The ogre hits you with a +0 giant club!
You die...

#.).##. #.)###. #
#####..##. #.
##......### #.##
##..####...#
...#####..## ####..
## #..##...## #.....
...# ##.##.### #.####
#...#####@....######.
###
#.g..#O.#†.........
#..
#§.....####..######.#
##..(#.# ##........#
#..##... #...<######
#..#####>..##.######
...## #.....#......[
##### ..# #.#.......
. .##......


You could see an ogre (poisoned).

Vanquished Creatures
  Sigmund (D:3)
  2 scorpions (D:4)
  Terence (D:2)
  Robin (D:2)
  3 gnolls (D:4)
  2 adders (D:4)
  A worm (D:2)
  4 dart slugs
  3 orcs (D:3)
  6 ball pythons
  2 endoplasms
  A giant cockroach (D:2)
  14 goblins
  11 hobgoblins
  4 quokkas
  5 bats
  4 frilled lizards
  9 kobolds
  5 rats
79 creatures vanquished.

Vanquished Creatures (collateral kills)
  A goblin (D:2)
1 creature vanquished.

Grand Total: 80 creatures vanquished

Notes
Turn   | Place    | Note
-------+----------+-------------------------------------------
     0 | D:1      | pokeman the Deep Elf Hedge Wizard began the quest for the
                  | Orb.
     0 | D:1      | Reached XP level 1. HP: 10/10 MP: 7/7
   287 | D:1      | Reached XP level 2. HP: 16/16 MP: 6/9
   752 | D:1      | Reached skill level 5 in Spellcasting
  1095 | D:2      | Reached XP level 3. HP: 20/20 MP: 11/11
  1101 | D:1      | Learned a level 3 spell: Mephitic Cloud
  1104 | D:1      | Learned a level 2 spell: Call Imp
  1107 | D:1      | Learned a level 2 spell: Blink
  1252 | D:2      | Noticed Robin
  1263 | D:2      | Killed Robin
  1264 | D:2      | Reached skill level 1 in Armour
  1292 | D:2      | Reached skill level 1 in Fighting
  1661 | D:2      | Reached XP level 4. HP: 25/25 MP: 9/13
  2158 | D:2      | Noticed Terence
  2169 | D:2      | Killed Terence
  2376 | D:3      | Found Zoskewk's Book Boutique.
  2386 | D:3      | Found a shimmering blue altar of Sif Muna.
  2729 | D:3      | Noticed Sigmund
  2744 | D:3      | Killed Sigmund
  2745 | D:3      | Reached XP level 5. HP: 19/29 MP: 11/15
  2833 | D:3      | Reached XP level 6. HP: 34/34 MP: 13/16
  3140 | D:4      | Reached skill level 6 in Spellcasting
  3391 | D:4      | Reached skill level 5 in Conjurations
  3391 | D:4      | Reached skill level 1 in Air Magic
  3391 | D:4      | Reached skill level 1 in Poison Magic
  3417 | D:4      | Slain by an ogre

Illustrated notes

Levels and vault maps discovered:
D:1:      dpeg_arrival_erosion, layout_loops_ring, minmay_curled_crystal
D:2:      layout_loops_ring, kennysheep_generic_room_5, uniq_terence, uniq_robin
D:3:      layout_basic, nicolae_sif_muna_condensation, serial_shops, shop,
          uniq_sigmund
D:4:      layout_rooms, amcnicky_mini_rare_corridor_liquid

Skill      XL: |  1  2  3  4  5  6 |
---------------+-------------------+-----
Spellcasting   | 5 6 |  6.6
Armour         | 1 |  1.0
Conjurations   | 2 4 5 |  5.1
Fighting       | 1 |  1.0
Dodging        | 3 |  3.0
Stealth        | 3 |  3.0
Air Magic      | 1 |  1.0
Poison Magic   | 1 |  1.1
Summonings     | |  1.1
Translocations | |  1.1

Action                     |  1- 3 |  4- 6 || total
---------------------------+-------+-------++-------
  Melee: Spear             |    20 |       ||    20
         Dagger            |       |    26 ||    26
   Cast: Magic Dart        |    90 |    71 ||   161
         Mephitic Cloud    |     2 |     6 ||     8
         Call Imp          |     1 |       ||     1
         Blink             |       |     1 ||     1
   Stab: Confused          |     1 |     4 ||     5
 Armour: Robe              |    18 |    12 ||    30
  Dodge: Dodged            |    33 |    14 ||    47

Table legend: (Time is in decaauts)
 A = Elapsed time spent in this place.
 B = Non-inter-level travel time spent in this place.
 C = Inter-level travel time spent in this place.
 D = Time resting spent in this place.
 E = Time spent auto-exploring this place.
 F = Levels seen in this place.
 G = Mean time per level.
                   A        B        C        D        E       F      G
               +--------+--------+--------+--------+--------+-----+--------+
         Total |   3418 |   3355 |     63 |     81 |   2786 |   4 |  854.5 |
       Dungeon |   3418 |   3355 |     63 |     81 |   2786 |   4 |  854.5 |
               +--------+--------+--------+--------+--------+-----+--------+

Top non-repeatable levels by time:
     D:2: 1197 daAuts
     D:1: 1181 daAuts
     D:3: 653 daAuts
     D:4: 385 daAuts
